 Dungeon Crawl Stone Soup version 0.27-a0-262-gc50aac273e (webtiles) character file.

Game seed: 3849748352805410842

1064 Mesmaeker13 the Magician (level 8, -1/41 HPs)
             Began as a Deep Elf Fire Elementalist on Feb 4, 2021.
             Was an Initiate of Vehumet.
             Slain by an unseen horror (8 damage)
             ... on level 6 of the Dungeon.
             The game lasted 00:09:25 (6570 turns).

Mesmaeker13 the Magician (DEFE)                     Turns: 6570, Time: 00:09:26

Health: -1/41      AC:  4    Str:  5    XL:     8   Next: 6%
Magic:  20/20      EV: 30    Int: 23    God:    Vehumet [......]
Gold:   387        SH:  0    Dex: 15    Spells: 12/20 levels left

rFire    . . .     SeeInvis .   b - +0 dagger
rCold    . . .     Faith    .   (no shield)
rNeg     . . .     Spirit   .   t - +0 robe
rPois    .         Reflect  .   (no helmet)
rElec    .         Harm     .   c - +0 cloak
rCorr    .         Rampage  +   (no gloves)
Will     .....                  k - +0 pair of boots {rampage}
Stlth    ++........             v - amulet of the acrobat
HPRegen  0.13/turn              (no ring)
MPRegen  0.17/turn              (no ring)

@: acrobat
A: no striking features
a: Renounce Religion


You were on level 6 of the Dungeon.
You worshipped Vehumet.
Vehumet was noncommittal.
You visited 2 branches of the dungeon, and saw 7 of its levels.

You collected 387 gold pieces.

Inventory:

Hand Weapons
 b - a +0 dagger (weapon)
Missiles
 e - 41 poisoned darts
 E - 3 curare-tipped darts (quivered)
Armour
 c - a +0 cloak (worn)
 k - a +0 pair of boots of rampaging (worn)
 t - a +0 robe (worn)
Jewellery
 l - an uncursed amulet of faith {unknown}
 v - an amulet of the acrobat (around neck)
Wands
 u - a wand of flame (13)
 x - a wand of digging (4)
Scrolls
 g - 2 scrolls of blinking
 n - 3 scrolls of amnesia
 o - 3 scrolls of enchant weapon
 r - 3 scrolls of enchant armour
 w - 2 scrolls of remove curse
 y - 2 scrolls of teleportation {unknown}
 z - a scroll of magic mapping
 C - a scroll of noise
 D - a scroll of identify
Potions
 a - a potion of haste
 d - 4 potions of curing
 f - a potion of brilliance {unknown}
 h - 2 potions of lignification
 i - 2 potions of might
 j - a potion of mutation
 m - a potion of ambrosia
 p - a potion of flight
 q - a potion of berserk rage {unknown}
 s - 2 potions of attraction
 B - a potion of degeneration {unknown}


   Skills:
 + Level 6.1 Dodging
 - Level 2.4 Stealth
 + Level 6.8 Spellcasting
 + Level 5.1 Conjurations
 + Level 6.1 Fire Magic


You had 12 spell levels left.
You knew the following spells:

 Your Spells              Type           Power        Failure   Level
a - Foxfire               Conj/Fire      100%         1%          1
b - Conjure Flame         Conj/Fire      33%          2%          3
c - Sticky Flame          Conj/Fire      33%          8%          4

Your spell library contained the following spells:

 Spells                   Type           Power        Failure   Level
 Inner Flame              Hex/Fire       21%          7%          3
 Fireball                 Conj/Fire      16%          22%         5


Dungeon Overview and Level Annotations

Branches:
Dungeon (6/15)             Temple (1/1) D:4

Altars:
Ashenzari
Cheibriados
Dithmenos
Elyvilon
Fedhas
Gozag
Kikubaaqudgha
Makhleb
Nemelex Xobeh
Okawaru
Qazlal
Ru
Sif Muna
Trog
Uskayaw
Vehumet
Wu Jian
Xom
Yredelemnul
Zin
The Shining One

Annotations:
D:3 1 runed translucent door, bmj180's ghost, amateur DrCj
D:4 Grinder
D:6 Blork the orc; Eustachio


Message History

The foxfire hits something but does no damage.
Eustachio drinks a potion.
Eustachio seems to speed up.
As you read the scroll of fear, it crumbles to dust.
You assume a fearsome visage.
Eustachio looks frightened!
The gnoll looks frightened!
Eustachio casts a spell.
Eustachio blinks!
You rampage towards the gnoll!
The gnoll misses you. The gnoll closely misses you.
The gnoll completely misses you. Something barely misses you.
Something misses you. Something misses you.
The gnoll hits you from afar with a +0 halberd!
* * * LOW HITPOINT WARNING * * *
Something hits you.
* * * LOW HITPOINT WARNING * * *
Something hits you!
You die...

##......#..# ##.........##
## ##...##....## .# . ##
#....#......# #.#..# ..#
#..........####... .##...
####........###....# ....#
..#.##......#.....####..#
.....#...##.g.##..##<...#
.............g..@..)....##
...............{......#..##
..####)...................#
.....##...<..............##
.#..........##...........#
.....#..##...#..).##......#
........#.........####...##
.........#.........###....#
.........#...............##


You could see 2 gnolls.

Vanquished Creatures
  Sigmund (D:3)
  2 ogres (D:4)
  A centaur (D:5)
  3 phantoms
  3 hounds
  Natasha (thrice) (D:2)
  2 orc wizards
  2 worker ants
  2 gnolls (D:6)
  5 adders
  2 white imps
  An ooze (D:3)
  An adder zombie (D:6)
  2 worms
  A dart slug (D:2)
  3 leopard geckos
  16 orcs
  4 giant cockroaches
  6 goblins
  6 hobgoblins
  5 jackals
  6 kobolds
  A quokka (D:4)
  A ball python (D:1)
  9 bats
  5 frilled lizards
  A jackal skeleton (D:5)
  A leopard gecko skeleton (D:6)
  7 rats
102 creatures vanquished.

Vanquished Creatures (collateral kills)
  A foxfire (D:3)
1 creature vanquished.

Vanquished Creatures (others)
  326 foxfires
326 creatures vanquished.

Grand Total: 429 creatures vanquished

Notes
Turn   | Place    | Note
-------+----------+-------------------------------------------
     0 | D:1      | Mesmaeker13 the Deep Elf Fire Elementalist began the quest
                  | for the Orb.
     0 | D:1      | Reached XP level 1. HP: 10/10 MP: 6/6
   153 | D:1      | Reached XP level 2. HP: 9/15 MP: 5/8
  1122 | D:2      | Reached XP level 3. HP: 19/19 MP: 8/10
  1126 | D:2      | Learned a level 3 spell: Conjure Flame
  1144 | D:2      | Found a sacrificial altar of Ru.
  1302 | D:2      | Noticed Natasha
  1308 | D:2      | Killed Natasha
  1494 | D:2      | Noticed Natasha
  1732 | D:2      | Killed Natasha
  1733 | D:2      | Reached XP level 4. HP: 24/24 MP: 6/12
  2058 | D:2      | Noticed Natasha
  2068 | D:2      | Killed Natasha
  2105 | D:2      | Found a hide-covered altar of Uskayaw.
  2279 | D:2      | Learned a level 4 spell: Sticky Flame
  2335 | D:3      | Noticed bmj180's ghost (amateur DrCj)
  2337 | D:3      | Found a runed translucent door.
  2398 | D:3      | Reached XP level 5. HP: 22/28 MP: 9/13
  2755 | D:3      | Found a faded altar of an unknown god.
  2834 | D:3      | Found a blossoming altar of Fedhas.
  2937 | D:3      | Noticed Sigmund
  2984 | D:4      | Noticed an ogre
  3171 | D:4      | Noticed an ogre
  3182 | D:4      | Killed an ogre
  3183 | D:4      | Reached XP level 6. HP: 32/32 MP: 10/15
  3224 | D:4      | Reached skill level 5 in Spellcasting
  3344 | D:4      | Reached skill level 5 in Fire Magic
  3397 | D:4      | Found a staircase to the Ecumenical Temple.
  3457 | D:4      | Reached skill level 5 in Dodging
  3501 | Temple   | Entered the Ecumenical Temple
  3546 | Temple   | Became a worshipper of Vehumet
  3867 | D:4      | Noticed Grinder
  3998 | D:3      | Killed Sigmund
  3999 | D:3      | Reached XP level 7. HP: 36/36 MP: 12/17
  4604 | D:5      | Entered Level 5 of the Dungeon
  5979 | D:6      | Found a blossoming altar of Fedhas.
  5982 | D:6      | Found a glowing golden altar of the Shining One.
  6281 | D:6      | Noticed Blork the orc
  6302 | D:5      | Reached skill level 5 in Conjurations
  6302 | D:5      | Reached XP level 8. HP: 23/41 MP: 5/20
  6554 | D:6      | Noticed Eustachio
  6570 | D:6      | Slain by an unseen horror

Illustrated notes

Levels and vault maps discovered:
D:1:      lemuel_arrival_cross, layout_loops_ring
D:2:      layout_rooms, eat_drink_and_be_merry_uskayaw,
          nicolae_ru_sacrificial_ziggurat, uniq_natasha
D:3:      layout_basic, chequers_ecumenical_altar_twisty,
          hellmonk_ghost_happy_afterlife, grunt_decor_arrowhead, fedhas_altar_1,
          uniq_sigmund
D:4:      layout_cave_pods, minmay_temple_entry_hall, minivault_23, uniq_grinder
D:5:      layout_basic
D:6:      layout_cave_pools, nzn_hepliaklqana_mist_gate,
          chequers_temple_overflow_statue_of_worship, uniq_eustachio,
          uniq_blork_the_orc
Temple:   dpeg_five_rooms_temple

Skill      XL: |  1  2  3  4  5  6  7 |
---------------+----------------------+-----
Dodging        | 3 4 5 6 |  6.1
Conjurations   | 2 3 4 5 |  5.1
Spellcasting   | 4 5 6 |  6.8
Fire Magic     | 4 5 6 |  6.1
Stealth        | |  2.4

Action                   |  1- 3 |  4- 6 |  7- 9 || total
-------------------------+-------+-------+-------++-------
Melee: Dagger            |     1 |       |     9 ||    10
Throw: Dart              |       |     3 |     6 ||     9
 Cast: Foxfire           |    60 |    66 |    62 ||   188
       Sticky Flame      |       |     3 |     8 ||    11
  Use: Scroll            |     1 |    11 |     7 ||    19
       Potion            |       |       |     2 ||     2
 Stab: Sleeping          |       |       |     1 ||     1
Armor: Robe              |     4 |     2 |     5 ||    11
Dodge: Dodged            |    20 |    20 |    50 ||    90

Table legend: (Time is in decaauts)
 A = Elapsed time spent in this place.
 B = Non-inter-level travel time spent in this place.
 C = Inter-level travel time spent in this place.
 D = Time resting spent in this place.
 E = Time spent auto-exploring this place.
 F = Levels seen in this place.
 G = Mean time per level.
                   A        B        C        D        E       F      G
               +--------+--------+--------+--------+--------+-----+--------+
         Total |   6575 |   6055 |    520 |   1240 |   3743 |   7 |  939.3 |
       Dungeon |   6310 |   5838 |    472 |   1240 |   3532 |   6 | 1051.7 |
        Temple |    264 |    216 |     48 |      0 |    211 |   1 |  264.0 |
               +--------+--------+--------+--------+--------+-----+--------+

Top non-repeatable levels by time:
     D:5: 1549 daAuts
     D:3: 1387 daAuts
     D:1: 1143 daAuts
     D:2: 1139 daAuts
     D:4: 760 daAuts
     D:6: 331 daAuts
  Temple: 264 daAuts
